 Dungeon Crawl Stone Soup version 0.17-a0-1842-gacc33f2 (console) character file.

3808 Garrluk the Geomancer (level 10, -4/71 HPs)
             Began as a Formicid Earth Elementalist on Sept 17, 2015.
             Was a Believer of Vehumet.
             Slain by a yak (12 damage)
             ... on level 14 of the Dungeon.
             The game lasted 00:35:53 (7557 turns).

Garrluk the Geomancer (Formicid Earth Elementalist) Turns: 7557, Time: 00:35:54

Health: -4/71      AC:  5    Str: 15    XL:     10   Next: 39%
Magic:  31/31      EV: 12    Int: 19    God:    Vehumet [**....]
Gold:   601        SH:  0    Dex: 11    Spells: 6 memorised, 7 levels left

rFire  . . .     SeeInvis +     a - +1 dagger (venom)
rCold  . . .     Clarity  .     e - +0 robe
rNeg   . . .     SustAt   .     (no shield)
rPois  .         Gourm    .     (helmet unavailable)
rElec  .         Spirit   .     (no cloak)
rCorr  .         Warding  .     C - +1 pair of gloves
rMut   .         Stasis   +     G - +0 pair of boots
MR     +....                    (no amulet)
Stlth  ++........               B - ring of magical power
                                g - -2 ring of strength (curse)

@: mighty, somewhat resistant to hostile enchantments, unstealthy
A: permanent stasis, dig shafts and tunnels, four strong arms, antennae 3, wild
magic 1
a: Dig, Shaft Self, Renounce Religion


You were on level 14 of the Dungeon.
You worshipped Vehumet.
Vehumet was pleased with you.
You were near starving.

You visited 2 branches of the dungeon, and saw 14 of its levels.
You also visited: Ossuary.

You collected 601 gold pieces.

Notes
Turn   | Place    | Note
--------------------------------------------------------------
     0 | D:1      | Garrluk the Formicid Earth Elementalist began the quest for the Orb.
     0 | D:1      | Reached XP level 1. HP: 13/13 MP: 3/3
   135 | D:1      | Reached XP level 2. HP: 13/19 MP: 3/5
   141 | D:1      | Reached skill level 4 in Earth Magic
   489 | D:1      | Reached XP level 3. HP: 20/24 MP: 4/7
   676 | D:2      | Found a glowing golden altar of the Shining One.
   712 | D:2      | Reached XP level 4. HP: 23/30 MP: 3/8
   797 | D:2      | Noticed Jessica
   830 | D:2      | Killed Jessica
   830 | D:2      | Reached skill level 5 in Earth Magic
   896 | D:2      | Found a stormy altar of Qazlal.
   900 | D:2      | Found a sacrificial altar of Ru.
   901 | D:2      | Found a sparkling altar of Nemelex Xobeh.
   905 | D:2      | Found a shimmering altar of Xom.
  1192 | D:2      | Reached XP level 5. HP: 35/35 MP: 8/10
  1317 | D:3      | Found an ancient bone altar of Kikubaaqudgha.
  1333 | D:3      | Reached skill level 6 in Earth Magic
  1333 | D:3      | Reached XP level 6. HP: 26/41 MP: 2/11
  1562 | D:3      | Reached skill level 7 in Earth Magic
  1740 | D:3      | Noticed Grinder
  1741 | D:3      | Noticed Natasha
  1745 | D:3      | You fall through a shaft!
  1749 | D:4      | Reached XP level 7. HP: 29/46 MP: 9/13
  2231 | D:5      | Entered Level 5 of the Dungeon
  2349 | D:5      | Reached skill level 8 in Earth Magic
  2386 | D:4      | Reached skill level 5 in Spellcasting
  2415 | D:4      | Found a staircase to the Ecumenical Temple.
  2428 | Temple   | Entered the Ecumenical Temple
  2544 | Temple   | Became a worshipper of Vehumet
  2890 | D:5      | Reached XP level 8. HP: 52/52 MP: 13/15
  2936 | D:5      | Reached skill level 9 in Earth Magic
  3346 | D:6      | Found a bloodstained altar of Trog.
  3346 | D:6      | Noticed a moth of wrath
  3412 | D:6      | Found a sand-covered staircase.
  3417 | Ossuary  | Entered an ossuary
  3450 | Ossuary  | Acquired Vehumet's first power
  3450 | Ossuary  | Offered knowledge of Shock by Vehumet.
  3556 | Ossuary  | Reached skill level 10 in Earth Magic
  4126 | D:6      | Reached XP level 9. HP: 32/57 MP: 17/18
  4129 | D:6      | Gained mutation: Your spells are a little harder to cast, but a little more powerful. [potion of mutation]
  4129 | D:6      | Gained mutation: You evolve. [potion of mutation]
  4129 | D:6      | Gained mutation: Scrolls take you a little longer to read. [potion of mutation]
  4253 | D:7      | Reached skill level 11 in Earth Magic
  4531 | D:7      | Offered knowledge of Freeze by Vehumet.
  4742 | D:7      | Reached skill level 12 in Earth Magic
  4967 | D:7      | Learned a level 3 spell: Passwall
  4970 | D:7      | Learned a level 2 spell: Stoneskin
  4976 | D:7      | Learned a level 5 spell: Lee's Rapid Deconstruction
  4981 | D:7      | Learned a level 4 spell: Petrify
  4985 | D:7      | Learned a level 3 spell: Stone Arrow
  5424 | D:8      | Reached skill level 1 in Fighting
  5749 | D:8      | Noticed a komodo dragon
  5764 | D:8      | You fall through a shaft!
  6182 | D:9      | Reached XP level 10. HP: 23/67 MP: 16/21
  6369 | D:9      | Lost mutation: Scrolls take you a little longer to read. [evolution]
  6369 | D:9      | Lost mutation: You evolve. [end of evolution]
  6635 | D:9      | Reached skill level 13 in Earth Magic
  6702 | D:9      | Noticed Joseph
  6706 | D:9      | You fall through a shaft for 3 floors!
  6962 | D:12     | Noticed a manticore
  6976 | D:12     | Killed a manticore
  7218 | D:12     | Noticed a hill giant
  7225 | D:12     | You fall through a shaft for 3 floors!
  7225 | D:15     | Entered Level 15 of the Dungeon
  7520 | D:15     | Found Fohuphea's General Store.
  7525 | D:15     | Found Axooligh's Jewellery Shoppe.
  7531 | D:14     | Found a portal to a secret trove of treasure.
  7546 | D:13     | Found a gate to the Vaults.
  7546 | D:13     | Noticed a hill giant
  7546 | D:13     | Noticed a fire crab
  7546 | D:13     | Noticed Donald
  7546 | D:13     | Noticed Norris
  7557 | D:14     | Slain by a yak

Inventory:

Hand weapons
 a - a +1 dagger of venom (weapon)
   (You took it off an orc wizard on level 9 of the Dungeon)
 I - a +0 dagger of flaming
   (You found it on level 4 of the Dungeon)
Missiles
 b - 5 stones (quivered)
Armour
 e - a +0 robe (worn)
 C - a +1 pair of gloves (worn)
   (You found it on level 5 of the Dungeon)
 G - a +0 pair of boots (worn)
   (You found it on level 7 of the Dungeon)
Magical staves
 H - an uncursed staff of poison
   (You found it on level 8 of the Dungeon)
Jewellery
 g - a cursed -2 ring of strength (left hand)
   (You found it on level 7 of the Dungeon)
 q - an uncursed amulet of warding
   (You found it on level 2 of the Dungeon)
 t - an uncursed ring of stealth
   (You found it on level 7 of the Dungeon)
 B - a ring of magical power (right hand)
   (You found it on level 5 of the Dungeon)
Magical devices
 j - a wand of frost (15)
   (You found it on level 7 of the Dungeon)
 A - a wand of magic darts (14)
   (You found it on level 5 of the Dungeon)
 J - a wand of paralysis (14)
   (You found it on level 9 of the Dungeon)
Scrolls
 h - a scroll of magic mapping {unknown}
 p - a scroll of identify
 s - 4 scrolls of remove curse
 F - a scroll of vulnerability {unknown}
Potions
 k - 5 potions of poison
 l - a potion of curing
 m - 2 potions of flight
 n - 3 potions of heal wounds {unknown}
 r - 2 potions of degeneration {unknown}
 u - 2 potions of might
 v - 2 potions of cancellation {unknown}
 w - 3 potions of invisibility {unknown}
 z - 2 potions of lignification {unknown}
 D - 2 potions of haste {unknown}
Books
 c - a book of Geomancy

   Spells                             Type                      Level
   a - Sandblast                      Earth                        1
   b - Stoneskin                      Transmutation/Earth          2
   c - Passwall                       Transmutation/Earth          3
   d - Stone Arrow                    Conjuration/Earth            3
   e - Petrify                        Transmutation/Earth          4
   f - Lee's Rapid Deconstruction     Earth                        5
 y - a book of Changes
   (You found it on level 4 of the Dungeon)

   Spells                             Type                      Level
   a - Beastly Appendage              Transmutation                1
   b - Sticks to Snakes               Transmutation                2
   c - Spider Form                    Transmutation/Poison         3
   d - Ice Form                       Ice/Transmutation            4
   e - Blade Hands                    Transmutation                5
Comestibles
 d - 6 bread rations
 i - 19 fruits
 o - 4 meat rations
 x - 2 slices of pizza

Table legend:
 A = Turns spent in this place as a percentage of turns spent in the entire game.
 B = Non-inter-level travel turns spent in this place as a percentage of non-inter-level travel turns spent in the entire game.
 C = Inter-level travel turns spent in this place as a percentage of turns spent in this place.
 D = Turns resting spent in this place as a percentage of non-inter-level travel turns spent in this place.
 E = Turns spent auto-exploring this place as a percentage of non-inter-level travel turns spent in this place.
 F = Non-inter-level travel turns spent in this place divided by the number of levels of this place that you've seen.
                   A       B       C       D       E      F
               +-------+-------+-------+-------+-------+----------------------
         Total | 100.0 | 100.0 |   0.3 |   2.8 |   6.2 | 189.9
       Dungeon |  93.3 |  93.4 |   0.2 |   2.8 |   6.3 | 204.7
        Temple |   1.6 |   1.6 |   4.3 |   0.0 |   4.4 |  45.0
       Ossuary |   5.0 |   5.0 |   0.0 |   2.8 |   5.6 | 143.0
               +-------+-------+-------+-------+-------+----------------------


   Skills:
 + Level 3.8 Fighting
 - Level 1.7 Dodging
 - Level 2.4 Stealth
 + Level 8.1 Spellcasting
 - Level 1.1 Transmutations
 * Level 13.5 Earth Magic


You had 7 spell levels left.
You knew the following spells:

 Your Spells              Type           Power        Failure   Level  Hunger
a - Sandblast             Erth           ######       1%          1    None
b - Passwall              Trmt/Erth      ######....   4%          3    None
c - Stoneskin             Trmt/Erth      ######..     3%          2    None
d - Lee's Rapid Deconstr  Erth           ######....   3%          5    #####..
e - Petrify               Trmt/Erth      ######..     13%         4    ###....
A - Stone Arrow           Conj/Erth      ######       5%          3    None


Dungeon Overview and Level Annotations

Branches:
Dungeon (15/15)            Temple (1/1) D:4          Vaults (0/5) D:13
   Lair: D:8-11         Orc: D:9-12      Depths: D:15

Altars:
Ashenzari
Cheibriados
Dithmenos
Elyvilon
Fedhas
Gozag
Kikubaaqudgha
Makhleb
Nemelex Xobeh
Okawaru
Qazlal
Ru
Sif Muna
Trog
Vehumet
Xom
Yredelemnul
Zin
The Shining One

Shops:
D:15 *=

Portals:
Trove: D:14 (give wand of heal wounds (8))

Annotations:
D:3 Grinder, Natasha
D:9 Joseph
D:13 Donald, Norris


Innate Abilities, Weirdness & Mutations

You are under a permanent stasis effect.
You can dig through walls and to a lower floor.
Your four strong arms can wield two-handed weapons with a shield.
You have a pair of large antennae on your head (SInv).
Your spells are a little harder to cast, but a little more powerful.


Message History

* * * LOW HITPOINT WARNING * * *
You feel sick. The yak gores you.
* * * LOW HITPOINT WARNING * * *
A yak comes into view.
Drink which item? (? for menu, Esc to quit)
It was a potion of curing.
You feel better.
The yak bellows!
The yak gores you!
* * * LOW HITPOINT WARNING * * *
Drink which item? (? for menu, Esc to quit)
It was a potion of might.
You feel very mighty all of a sudden. The yak completely misses you.
Drink which item? (? for menu, Esc to quit)
You feel better. The yak gores you!
* * * LOW HITPOINT WARNING * * *
Use which ability?
You are already prepared to dig.
You dig through the rock wall.
The yak gores you!
You die...

##+#. .... ....
.... ...# ...+
...# ### ..>#
##@# ...#+####
##Y##
........######Y##
...Y....#....YY#
.....Y..+......#
[.......#.....<#
.........+##...#
#####..∩..##...#
+..........#
#...#+####.#
##+#. ###


You could see 4 yaks.

Table legend:
 A = Kills in this place as a percentage of kills in entire the game.
 B = Kills by you in this place as a percentage of kills by you in the entire game.
 C = Kills by friends in this place as a percentage of kills by friends in the entire game.
 D = Other kills in this place as a percentage of other kills in the entire game.
 E = Experience gained in this place as a percentage of experience gained in the entire game.
 F = Experience gained in this place divided by the number of levels of this place that you have seen.
                   A       B       C       D       E      F
               +-------+-------+-------+-------+-------+----------------------
         Total | 100.0 | 100.0 |  -nan |  -nan | 100.0 | 362.7
       Dungeon |  92.2 |  92.2 |  -nan |  -nan |  97.2 | 406.5
       Ossuary |   7.8 |   7.8 |  -nan |  -nan |   2.8 | 155.0
               +-------+-------+-------+-------+-------+----------------------

Vanquished Creatures
  Monster Symbol All '5'
  A crimson imp (D:6)
  A shadow imp (D:5)
2 creatures vanquished. All '@' Jessica (D:2)
1 creature vanquished. All 'F' 5 giant frogs
5 creatures vanquished. All 'H' A manticore (D:12) A hippogriff (D:7)
2 creatures vanquished. All 'J' 2 jellies
2 creatures vanquished. All 'K' 2 big kobolds 12 kobolds
14 creatures vanquished. All 'M' 8 mummies (Ossuary)
8 creatures vanquished. All 'O' 2 ogres
2 creatures vanquished. All 'S' 7 adders 2 ball pythons
9 creatures vanquished. All 'W' A phantom (D:8)
1 creature vanquished. All 'Y' A yak (D:7) 2 ice beasts 2 sky beasts
5 creatures vanquished. All 'Z' A wyvern skeleton (D:7) 2 centaur skeletons A wasp zombie (D:8) 2 centaur zombies (D:6) 2 giant frog skeletons A hound zombie (D:4) 2 hound skeletons A worker ant zombie (D:5) 4 bat skeletons (D:3) 3 bat zombies (D:3) A gnoll zombie (Ossuary) A hobgoblin zombie (Ossuary) 2 kobold zombies (Ossuary) 4 orc zombies (Ossuary) 3 quokka skeletons
30 creatures vanquished. All 'a' 5 worker ants
5 creatures vanquished. All 'b' 2 vampire bats (D:3) 6 bats
8 creatures vanquished. All 'c' 4 centaurs
4 creatures vanquished. All 'g' 6 gnolls 8 goblins 10 hobgoblins
24 creatures vanquished. All 'h' A hound (D:8) 5 jackals
6 creatures vanquished. All 'l' An iguana (D:9) 6 giant geckos 8 giant newts
15 creatures vanquished. All 'n' 2 necrophages
2 creatures vanquished. All 'o' 2 orc warriors 3 orc priests 4 orc wizards 26 orcs
35 creatures vanquished. All 'r' A quokka (D:8) 13 rats
14 creatures vanquished. All 's' A scorpion (D:6) 5 giant cockroaches
6 creatures vanquished. All 'w' 4 worms
4 creatures vanquished. All 'y' A wasp (D:8)
1 creature vanquished.
205 creatures vanquished. Monster Nature Uniques Jessica (D:2)
1 creature vanquished. Natural Monsters A manticore (D:12) A yak (D:7) A hippogriff (D:7) 2 orc warriors 2 ice beasts A wasp (D:8) 2 sky beasts 4 centaurs 2 ogres 2 big kobolds 5 giant frogs A scorpion (D:6) 2 jellies 3 orc priests 4 orc wizards A hound (D:8) An iguana (D:9) 5 worker ants 6 gnolls 7 adders 4 worms 6 giant geckos 26 orcs 2 ball pythons 6 bats 5 giant cockroaches 8 goblins 10 hobgoblins 5 jackals A quokka (D:8) 8 giant newts 12 kobolds 13 rats
159 creatures vanquished. Undead Monsters A phantom (D:8) 2 necrophages A wyvern skeleton (D:7) 2 vampire bats (D:3) 2 centaur skeletons A wasp zombie (D:8) 2 centaur zombies (D:6) 2 giant frog skeletons A hound zombie (D:4) 2 hound skeletons 8 mummies (Ossuary) A worker ant zombie (D:5) 4 bat skeletons (D:3) 3 bat zombies (D:3) A gnoll zombie (Ossuary) A hobgoblin zombie (Ossuary) 2 kobold zombies (Ossuary) 4 orc zombies (Ossuary) 3 quokka skeletons
43 creatures vanquished. Demonic Monsters A crimson imp (D:6) A shadow imp (D:5)
2 creatures vanquished.
205 creatures vanquished. Ascending Order A manticore (D:12) A yak (D:7) A hippogriff (D:7) A phantom (D:8) A wasp (D:8) A wyvern skeleton (D:7) A scorpion (D:6) A crimson imp (D:6) A wasp zombie (D:8) Jessica (D:2) A hound (D:8) An iguana (D:9) A hound zombie (D:4) A worker ant zombie (D:5) A shadow imp (D:5) A gnoll zombie (Ossuary) A quokka (D:8) A hobgoblin zombie (Ossuary) 2 orc warriors 2 ice beasts 2 sky beasts 2 necrophages 2 ogres 2 big kobolds 2 vampire bats (D:3) 2 jellies 2 centaur skeletons 2 centaur zombies (D:6) 2 giant frog skeletons 2 hound skeletons 2 ball pythons 2 kobold zombies (Ossuary) 3 orc priests 3 bat zombies (D:3) 3 quokka skeletons 4 centaurs 4 orc wizards 4 worms 4 bat skeletons (D:3) 4 orc zombies (Ossuary) 5 giant frogs 5 worker ants 5 giant cockroaches 5 jackals 6 gnolls 6 giant geckos 6 bats 7 adders 8 mummies (Ossuary) 8 goblins 8 giant newts 10 hobgoblins 12 kobolds 13 rats 26 orcs
205 creatures vanquished.

Action                   |  1- 3 |  4- 6 |  7- 9 | 10-12 || total
-------------------------+-------+-------+-------+-------++-------
Melee: Club              |     6 |       |       |       ||     6
       Unarmed           |     5 |       |       |       ||     5
       Dagger            |    44 |    57 |    61 |    12 ||   174
Throw: Stone             |       |       |     3 |       ||     3
 Cast: Sandblast         |    44 |    60 |   263 |    25 ||   392
       Stone Arrow       |       |       |     1 |    23 ||    24
       Petrify           |       |       |     1 |     2 ||     3
 Abil: Dig               |     4 |     4 |    24 |     5 ||    37
       Shaft Self        |       |     1 |     1 |     2 ||     4
  Use: Scroll            |       |       |     7 |     1 ||     8
       Potion            |       |       |     4 |     4 ||     8
 Stab: Sleeping          |     1 |     6 |     6 |       ||    13
  Eat: Chunk             |       |     4 |    14 |     3 ||    21
       Beef jerky        |       |       |     1 |     1 ||     2
